 Dungeon Crawl Stone Soup version 0.27.0-65-ge2af304b15 (webtiles) character file.

Game seed: 2826118141616639588

404 ZappyNine the Covert (level 6, -8/51 HPs)
             Began as a Gnoll Brigand on Aug 17, 2021.
             Mangled by Edmund (9 damage)
             ... on level 4 of the Dungeon on Aug 18, 2021.
             The game lasted 00:05:47 (4128 turns).

ZappyNine the Covert (Gnoll Brigand)                Turns: 4128, Time: 00:05:47

Health: -8/51      AC:  3    Str: 10    XL:     6   Next: 86%
Magic:  9/9        EV: 13    Int: 11    God:
Gold:   180        SH:  5    Dex: 15    Spells: 9/9 levels left

rFire    . . .     SeeInvis .   f - +2 dagger (venom)
rCold    . . .     Faith    .   (no shield)
rNeg     + . .     Spirit   .   b - +0 robe
rPois    .         Reflect  +   (no helmet)
rElec    .         Harm     .   c - +0 cloak
rCorr    .         Rampage  .   (no gloves)
Will     .....                  (no boots)
Stlth    ++++......             s - amulet of reflection
HPRegen  0.17/turn              k - ring of positive energy
MPRegen  0.11/turn              (no ring)

@: no status effects
A: fangs 1, strong nose, distributed training
a: no special abilities


You were on level 4 of the Dungeon.
You visited 1 branch of the dungeon, and saw 4 of its levels.

You collected 180 gold pieces.

Inventory:

Hand Weapons
 f - a +2 dagger of venom (weapon)
Missiles
 d - 8 poisoned darts (quivered)
 j - 3 datura-tipped darts
Armour
 b - a +0 robe (worn)
 c - a +0 cloak (worn)
Jewellery
 g - an amulet of guardian spirit
 k - a ring of positive energy (left hand)
 s - an amulet of reflection (around neck)
Wands
 o - a wand of flame (66)
Scrolls
 a - a scroll of amnesia {unknown}
 h - 2 scrolls of identify {unknown}
 q - a scroll of teleportation {unknown}
 r - a scroll of blinking {unknown}
 t - a scroll of vulnerability {unknown}
 v - a scroll of noise {unknown}
 w - a scroll of fog {unknown}
Potions
 l - a potion of lignification
 m - a potion of heal wounds
 n - a potion of ambrosia {unknown}
 p - a potion of mutation {unknown}
 u - a potion of cancellation {unknown}
 x - a potion of curing {unknown}


   Skills:
 + Level 5.0 Fighting
 + Level 5.0 Short Blades
 + Level 2.1 Long Blades
 + Level 2.1 Axes
 + Level 2.1 Maces & Flails
 + Level 2.1 Polearms
 + Level 2.1 Staves
 + Level 2.1 Slings
 + Level 2.1 Bows
 + Level 2.1 Crossbows
 + Level 5.0 Throwing
 + Level 2.1 Armour
 + Level 3.3 Dodging
 + Level 8.1 Stealth
 + Level 2.1 Shields
 + Level 2.1 Unarmed Combat
 + Level 2.1 Spellcasting
 + Level 1.7 Conjurations
 + Level 1.7 Hexes
 + Level 1.7 Summonings
 + Level 1.7 Necromancy
 + Level 1.7 Translocations
 + Level 1.7 Transmutations
 + Level 1.7 Fire Magic
 + Level 1.7 Ice Magic
 + Level 1.7 Air Magic
 + Level 1.7 Earth Magic
 + Level 1.7 Poison Magic
 + Level 2.3 Invocations
 + Level 2.1 Evocations


You had 9 spell levels left.
You didn't know any spells.
Your spell library contained the following spells:

 Spells                   Type           Power      Damage    Failure   Level
 Slow                     Hex            4%         N/A       22%         2
 Confusing Touch          Hex            4%         N/A       38%         3
 Vampiric Draining        Necr           2%         2d6       38%         3
 Fireball                 Conj/Fire      2%         3d4       98%         5
 Starburst                Conj/Fire      2%         6d3       100%        6
 Ignition                 Fire           2%         3d3       100%        8


Dungeon Overview and Level Annotations

Branches:
Dungeon (4/15)
 Temple: D:4-7

Altars:
Kikubaaqudgha
Okawaru
Yredelemnul
The Shining One

Shops:
D:2 [

Annotations:
D:4 Edmund


Innate Abilities, Weirdness & Mutations

You have very sharp teeth.
Your uncanny sense of smell can sniff out nearby items.
Your experience applies equally to all skills.


Message History

Space warps horribly around you!
You are too injured to fight recklessly!
You are too injured to fight recklessly!
You are too injured to fight recklessly!
You are too injured to fight recklessly!
You are too injured to fight recklessly!
You are too injured to fight recklessly!
You are too injured to fight recklessly!
You are too injured to fight recklessly!
You are too injured to fight recklessly!
You are too injured to fight recklessly!
You are too injured to fight recklessly!
You are too injured to fight recklessly!
You are too injured to fight recklessly!
You are too injured to fight recklessly!
You are too injured to fight recklessly!
You are too injured to fight recklessly!
You are too injured to fight recklessly!
You are too injured to fight recklessly!
Unknown command.
Throw: 2 darts (curare)
Press: ? - help, Q - select action, (/) - cycle Shift-Dir - straight line, f - Edmund
Aim: Edmund, wielding a +2 flail of distortion and wearing a +0 chain mail (moderately wounded, extremely poisoned, 70% to hit)
You throw a curare-tipped dart.
The curare-tipped dart closely misses Edmund.
Edmund looks rather jealous.
Edmund hits you with a +2 flail of distortion!
* * * LOW HITPOINT WARNING * * *
Space bends around you.
* * * LOW HITPOINT WARNING * * *
Unknown command.
Throw: dart (curare)
Press: ? - help, Q - select action, (/) - cycle Shift-Dir - straight line, f/p - Edmund
Aim: Edmund, wielding a +2 flail of distortion and wearing a +0 chain mail (heavily wounded, extremely poisoned, 70% to hit)
You throw a curare-tipped dart.
The curare-tipped dart completely misses Edmund.
Edmund hits you with a +2 flail of distortion!
* * * LOW HITPOINT WARNING * * *
Space warps horribly around you!
You die...

#.######.....##.###.##
#.#
#########.#.########
#.# ##.#........
##.#########
#.....#####
...........#
#######...#
##.#..####.. ..# ##.##
#)#..####.####.# .#
#............#.#####.#
###..####.##...@@....#
####.......####.#######
......####.####.#
####### #......#
########


You could see Edmund (extremely poisoned).

Vanquished Creatures
  A necrophage (D:4)
  A centaur skeleton (D:4)
  A jelly (D:4)
  2 iguanas
  Ijyb (D:3)
  An orc wizard (D:3)
  Robin (D:3)
  2 adders
  2 worms (D:2)
  A dart slug (D:1)
  8 orcs
  8 ball pythons
  4 bats
  10 endoplasms
  A giant cockroach (D:2)
  16 goblins
  11 hobgoblins
  13 jackals (D:1)
  A quokka (D:2)
  2 frilled lizards
  3 kobolds
  8 rats
98 creatures vanquished.

Notes
Turn   | Place    | Note
-------+----------+-------------------------------------------
     0 | D:1      | ZappyNine the Gnoll Brigand began the quest for the Orb.
     0 | D:1      | Reached XP level 1. HP: 20/20 MP: 1/1
   102 | D:1      | Reached XP level 2. HP: 21/26 MP: 2/2
   770 | D:1      | Reached XP level 3. HP: 31/31 MP: 3/3
   770 | D:1      | Upgraded the game from 0.27.0-1-g7a089689b8 to
                  | 0.27.0-65-ge2af304b15
  1127 | D:1      | Reached skill level 1 in Invocations
  1486 | D:2      | Found Veuff's Antique Armour Shoppe.
  1625 | D:2      | Reached skill level 1 in Long Blades
  1625 | D:2      | Reached skill level 1 in Axes
  1625 | D:2      | Reached skill level 1 in Maces & Flails
  1625 | D:2      | Reached skill level 1 in Polearms
  1625 | D:2      | Reached skill level 1 in Staves
  1625 | D:2      | Reached skill level 1 in Slings
  1625 | D:2      | Reached skill level 1 in Bows
  1625 | D:2      | Reached skill level 1 in Crossbows
  1625 | D:2      | Reached skill level 1 in Armour
  1625 | D:2      | Reached skill level 1 in Shields
  1625 | D:2      | Reached skill level 1 in Unarmed Combat
  1625 | D:2      | Reached skill level 1 in Spellcasting
  1625 | D:2      | Reached skill level 1 in Evocations
  1650 | D:2      | Reached XP level 4. HP: 38/38 MP: 5/5
  2111 | D:3      | Found a glowing golden altar of the Shining One.
  2124 | D:3      | Found a basalt altar of Yredelemnul.
  2126 | D:3      | Noticed a profane servitor
  2142 | D:3      | Noticed Ijyb
  2146 | D:3      | Killed Ijyb
  2147 | D:3      | Reached skill level 1 in Conjurations
  2147 | D:3      | Reached skill level 1 in Hexes
  2147 | D:3      | Reached skill level 1 in Summonings
  2147 | D:3      | Reached skill level 1 in Necromancy
  2147 | D:3      | Reached skill level 1 in Translocations
  2147 | D:3      | Reached skill level 1 in Transmutations
  2147 | D:3      | Reached skill level 1 in Fire Magic
  2147 | D:3      | Reached skill level 1 in Ice Magic
  2147 | D:3      | Reached skill level 1 in Air Magic
  2147 | D:3      | Reached skill level 1 in Earth Magic
  2147 | D:3      | Reached skill level 1 in Poison Magic
  2221 | D:3      | Reached XP level 5. HP: 34/43 MP: 6/6
  2621 | D:3      | Noticed Robin
  2646 | D:3      | Killed Robin
  3390 | D:3      | Found an ancient bone altar of Kikubaaqudgha.
  3390 | D:3      | Found an iron altar of Okawaru.
  3471 | D:3      | Noticed an angel
  3493 | D:4      | Reached skill level 8 in Stealth
  3512 | D:4      | Reached XP level 6. HP: 16/50 MP: 8/8
  3910 | D:4      | Reached skill level 5 in Fighting
  3910 | D:4      | Reached skill level 5 in Short Blades
  3910 | D:4      | Reached skill level 5 in Throwing
  3930 | D:4      | Noticed a necrophage
  3964 | D:4      | Killed a necrophage
  4114 | D:4      | Noticed Edmund
  4128 | D:4      | HP: 1/51 [Edmund (9)]
  4128 | D:4      | Mangled by Edmund

Illustrated notes

Levels and vault maps discovered:
D:1:      mrwooster_arrival_statue, layout_loops_ring,
          chequers_serial_rivers_large_a
D:2:      minmay_chambers_of_twos, layout_rooms, serial_shops, shop
D:3:      kennysheep_big_flooded_room, layout_loops_ring,
          grunt_temple_overflow_holy_war, gammafunk_temple_overflow_pools,
          minivault_5, kennysheep_generic_room_2, uniq_ijyb, uniq_robin
D:4:      layout_loops_cross, minmay_temple_entry_overgrown,
          minmay_strange_pillars, grunt_ministairs_9, minmay_fountain_box,
          uniq_edmund

Skill      XL: |  1  2  3  4  5  6 |
---------------+-------------------+-----
Invocations    | 1 2 |  2.3
Long Blades    | 1 2 |  2.1
Axes           | 1 2 |  2.1
Maces & Flails | 1 2 |  2.1
Polearms       | 1 2 |  2.1
Staves         | 1 2 |  2.1
Slings         | 1 2 |  2.1
Bows           | 1 2 |  2.1
Crossbows      | 1 2 |  2.1
Armour         | 1 2 |  2.1
Shields        | 1 2 |  2.1
Unarmed Combat | 1 2 |  2.1
Spellcasting   | 1 2 |  2.1
Evocations     | 1 2 |  2.1
Conjurations   | 1 |  1.7
Hexes          | 1 |  1.7
Summonings     | 1 |  1.7
Necromancy     | 1 |  1.7
Translocations | 1 |  1.7
Transmutations | 1 |  1.7
Fire Magic     | 1 |  1.7
Ice Magic      | 1 |  1.7
Air Magic      | 1 |  1.7
Earth Magic    | 1 |  1.7
Poison Magic   | 1 |  1.7
Dodging        | 3 |  3.3
Stealth        | 8 |  8.1
Fighting       | 5 |  5.0
Short Blades   | 5 |  5.0
Throwing       | 5 |  5.0

Action                   |  1- 3 |  4- 6 || total
-------------------------+-------+-------++-------
Melee: Dagger            |   103 |   214 ||   317
       Bite              |    11 |    22 ||    33
       Punch             |       |     1 ||     1
Throw: Dart              |     5 |     2 ||     7
  Use: Potion            |       |     3 ||     3
 Stab: Sleeping          |     7 |     9 ||    16
Armor: Robe              |    19 |    38 ||    57
       Skin              |       |     8 ||     8
Dodge: Dodged            |    55 |    93 ||   148
Block: Other             |       |    15 ||    15
